 Dungeon Crawl Stone Soup version 0.32-a0-893-gf85d74f360 (webtiles) character file.

Game seed: 4933096585360063979

620096 Biggs the Slayer (level 27, -51/245 HPs)
             Began as a Coglin Hunter on Apr 3, 2024.
             Was the Champion of Okawaru.
             Killed from afar by a Killer Klown (76 damage)
             ... with a klown pie
             ... on level 5 of the Realm of Zot.
             The game lasted 01:56:12 (47783 turns).

Biggs the Slayer (Coglin Hunter)                   Turns: 47783, Time: 01:56:13

Health: -51/245    AC: 30    Str:  7    XL:     27
Magic:  37/37      EV: 19    Int:  6    God:    Okawaru [******]
Gold:   3808       SH:  0    Dex: 41    Spells: 42/46 levels left

rFire   + + .        Y - +7 hand cannon of Truncation {penet, rC+ Str-4 Dex+6}
rCold   + + .        I - +9 hand cannon (freeze) {Minoru}
rNeg    . . .        H - +9 acid dragon scales of Woato {Harm Rampage rCorr Int-4 Dex-2}
rPois   +            p - +3 crown of Dyrovepreva {rElec Int+2 SInv}
rElec   +            z - +2 cloak
rCorr   +            v - +0 pair of gloves of the Good {rPois rF++ Dex+4}
SInv    +            O - +2 pair of boots
Will    ++...        (amulet unavailable)
Stlth   +++          (ring unavailable)
HPRegen 1.40/turn    (ring unavailable)
MPRegen 0.65/turn    L - hydropneumatic subsystem {rPois rC+ Regen+ RegenMP+ rCorr}

%: harm (+30% outgoing, +20% incoming), rampage
@: finesse-ful, marked, fragile (+50% incoming damage), held, studying 3 skills,
revving
A: off-hand wielding, slow wielding, warmup strikes, no jewellery, agile 1,
dopey 1, screaming 1
}: 4/15 runes: serpentine, barnacled, slimy, silver
a: Renounce Religion, Heroism, Finesse, Duel


You were on level 5 of the Realm of Zot.
You worshipped Okawaru.
Okawaru was exalted by your worship.
You visited 11 branches of the dungeon, and saw 53 of its levels.
You visited 1 bazaar.
You also visited: Trove.

You collected 7652 gold pieces.
You spent 3844 gold pieces at shops.

Inventory:

Hand Weapons
 B - a +9 hand cannon of draining {Nittaya}
 I - a +9 hand cannon of freezing (offhand) {Minoru}
 Y - the +7 hand cannon of Truncation (weapon) {penet, rC+ Str-4 Dex+6}
   (You acquired it on level 4 of the Realm of Zot)

   Str-4:     It affects your strength (-4).
   Dex+6:     It affects your dexterity (+6).
   rC+:       It protects you from cold.
Missiles
 e - 4 throwing nets
Armour
 p - the +3 crown of Dyrovepreva (worn) {rElec Int+2 SInv}
   (You found it in a treasure trove)

   Int+2:     It affects your intelligence (+2).
   rElec:     It insulates you from electricity.
   SInv:      It lets you see invisible.
 v - the +0 pair of gloves of the Good (worn) {rPois rF++ Dex+4}
   (You found it in a treasure trove)

   Dex+4:     It affects your dexterity (+4).
   rF++:      It greatly protects you from fire.
   rPois:     It protects you from poison.
 z - a +2 cloak (worn)
 E - the -1 helmet of Quantum Leap {rC++ Regen+ Str+3 Int-4}
   (You found it in a treasure trove)

   Str+3:     It affects your strength (+3).
   Int-4:     It affects your intelligence (-4).
   rC++:      It greatly protects you from cold.
   Regen+:    It increases your rate of health regeneration.
 H - the +9 acid dragon scales of Woato (worn) {Harm Rampage rCorr Int-4 Dex-2}
   (Okawaru gifted it to you on level 2 of the Lair of Beasts)

   Int-4:     It affects your intelligence (-4).
   Dex-2:     It affects your dexterity (-2).
   rCorr:     It protects you from acid and corrosion.
   Harm:      It increases damage dealt and taken.
   Rampage:   It bestows one free step when moving towards enemies.
 O - a +2 pair of boots (worn)
 T - the +2 cloak of Tomorrow {*Slow rElec rN+++ Int-4}
   (You found it on level 3 of the Elven Halls)

   Int-4:     It affects your intelligence (-4).
   rElec:     It insulates you from electricity.
   rN+++:     It renders you almost immune to negative energy.
   *Slow:     It may slow you when you take damage.
 U - the +3 pair of gauntlets of War {Slay+5}
   (You found it in a treasure trove)

   Slay+5:    It affects your accuracy & damage with ranged weapons and melee
   (+5).
Gizmo
 L - a hydropneumatic subsystem (installed) {rPois rC+ Regen+ RegenMP+ rCorr}
   (You invented it yourself on level 4 of the Lair of Beasts)

   [hydropneumatic subsystem]

   rC+:       It protects you from cold.
   rPois:     It protects you from poison.
   Regen+:    It increases your rate of health regeneration.
   rCorr:     It protects you from acid and corrosion.
   RegenMP+:  It increases your rate of magic regeneration.
Talismans
 W - a talisman of death
Wands
 c - a wand of polymorph (21)
 d - a wand of iceblast (46)
 o - a wand of paralysis (63)
 u - a wand of flame (135)
 x - a wand of light (17)
 Q - a wand of digging (6)
 S - a wand of mindburst (11)
Scrolls
 a - a scroll of silence
 f - 8 scrolls of amnesia
 h - 15 scrolls of teleportation
 i - 4 scrolls of torment
 k - 4 scrolls of immolation
 m - 10 scrolls of fog
 q - 6 scrolls of poison
 w - 8 scrolls of revelation
 y - 5 scrolls of brand weapon
 C - 4 scrolls of fear
 F - 3 scrolls of blinking
 G - 23 scrolls of identify
 P - 4 scrolls of vulnerability
 V - 5 scrolls of enchant weapon
 X - 2 scrolls of enchant armour
Potions
 b - 13 potions of haste
 g - 14 potions of mutation
 j - 20 potions of curing
 l - 5 potions of attraction
 n - 2 potions of lignification
 r - 2 potions of enlightenment
 s - a potion of berserk rage
 t - 7 potions of cancellation
 A - 4 potions of magic
 D - 9 potions of might
 J - 2 potions of ambrosia
 K - 10 potions of heal wounds
 M - 3 potions of resistance
 N - 8 potions of brilliance
 R - 3 potions of invisibility


   Skills:
 - Level 26.1 Fighting
 - Level 18.0 Ranged Weapons
 - Level 12.5 Armour
 - Level 20.2 Dodging
 - Level 0.7 Stealth
 - Level 10.3 Spellcasting
 - Level 10.9 Hexes
 - Level 11.9 Translocations
 - Level 8.0 Invocations
 - Level 5.0 Evocations
 + Level 18.4 Shapeshifting


You had 42 spell levels left.
You knew the following spells:

 Your Spells              Type           Power      Damage    Failure   Level
a - Dimensional Bullseye  Hex/Tloc       8%         N/A       2%          4

Your spell library contained the following spells:

 Spells                   Type           Power      Damage    Failure   Level
 Apportation              Tloc           34%        N/A       1%          1
 Slow                     Hex            64%        N/A       1%          1
 Blink                    Tloc           34%        N/A       1%          2
 Jinxbite                 Hex            32%        N/A       1%          2
 Lesser Beckoning         Tloc           34%        N/A       1%          2
 Confusing Touch          Hex            16%        N/A       1%          3
 Maxwell's Portable Pile  Tloc           17%        2d(6-18)  1%          3
 Sigil of Binding         Hex            16%        N/A       1%          3
 Teleport Other           Tloc           17%        N/A       1%          3
 Passage of Golubria      Tloc           17%        N/A       1%          4
 Momentum Strike          Conj/Tloc      20%        3d8       3%          2
 Volatile Blastmotes      Fire/Tloc      20%        2d11      7%          3
 Dazzling Flash           Conj/Hex       18%        N/A       9%          3
 Inner Flame              Hex/Fire       9%         N/A       9%          3
 Iskenderun's Mystic Bla Conj/Tloc 10%            2d4        (+2d2     24%         4
 Vhi's Electric Charge    Tloc/Air       20%        N/A       24%         4
 Kiss of Death            Conj/Necr      12%        2d6       26%         1
 Magic Dart               Conj           12%        1d3       26%         1
 Necrotise                Necr           12%        1d4       26%         1
 Sting                    Conj/Alch      12%        1d3       26%         1
 Anguish                  Hex/Necr       4%         N/A       28%         4
 Dispersal                Tloc           8%         N/A       30%         6
 Gell's Gavotte           Tloc           8%         2d(15-22) 30%         6
 Cigotuvi's Dreadful Rot  Necr/Alch/Air  6%         N/A       38%         2
 Mercury Vapours          Alch/Air       6%         N/A       38%         2
 Scorch                   Fire           6%         2d5       38%         2
 Sublimation of Blood     Necr           3%         N/A       38%         2
 Frozen Ramparts          Ice            6%         1d1       63%         3
 Hailstorm                Conj/Ice       3%         3d5       63%         3
 Mephitic Cloud           Conj/Alch/Air  3%         N/A       63%         3
 Ozocubu's Armour         Ice            3%         N/A       63%         3
 Passwall                 Erth           3%         N/A       63%         3
 Vampiric Draining        Necr           3%         2d6       63%         3
 Metabolic Englaciation   Hex/Ice        4%         N/A       63%         5
 Silence                  Hex/Air        4%         N/A       63%         5
 Manifold Assault         Tloc           8%         N/A       86%         7
 Dispel Undead            Necr           3%         3d7       95%         4
 Flame Wave               Conj/Fire      3%         2d5       95%         4
 Fulminant Prism          Conj/Alch      1%         3d5       95%         4
 Ignite Poison            Fire/Alch      3%         N/A       95%         4
 Leda's Liquefaction      Alch/Erth      1%         N/A       95%         4
 Olgreb's Toxic Radiance  Alch           3%         N/A       95%         4
 Sticky Flame             Fire/Alch      3%         2d4       95%         4
 Enfeeble                 Hex            8%         N/A       95%         7
 Alistair's Intoxication  Alch           2%         N/A       100%        5
 Arcjolt                  Conj/Air       1%         1d11      100%        5
 Borgnjor's Vile Clutch   Necr/Erth      1%         N/A       100%        5
 Curse of Agony           Necr           3%         N/A       100%        5
 Freezing Cloud           Conj/Ice/Air   1%         6-21      100%        5
 Iskenderun's Battlesphe  Conj           3%         2d6       100%        5
 Lee's Rapid Deconstruct  Erth           1%         3d4*      100%        5
 Bombard                  Conj/Erth      1%         9d1       100%        6
 Conjure Ball Lightning   Conj/Air       1%         3x3d6     100%        6
 Eringya's Noxious Bog    Alch           1%         4d6       100%        6
 Permafrost Eruption      Ice/Erth       1%         2x4d2     100%        6
 Plasma Beam              Fire/Air       1%         2x1d11    100%        6
 Orb of Destruction       Conj           1%         9d5       100%        7
 Ozocubu's Refrigeration  Ice            1%         4d7       100%        7
 Discord                  Hex            8%         N/A       100%        8
 Disjunction              Tloc           8%         N/A       100%        8
 Ignition                 Fire           1%         3d3       100%        8
 Lehudib's Crystal Spear  Conj/Erth      1%         10d2      100%        8
 Maxwell's Capacitive Co  Air            1%         ∞         100%        8
 Chain Lightning          Conj/Air       1%         3d2       100%        9
 Fire Storm               Conj/Fire      1%         8d1       100%        9
 Polar Vortex             Ice            1%         N/A       100%        9
 Shatter                  Erth           1%         3d6*      100%        9
 Tukima's Dance           Hex            Unusable   N/A       N/A         3
 Summon Small Mammal      Summ           Unusable   N/A       N/A         1
 Call Imp                 Summ           Unusable   N/A       N/A         2
 Summon Ice Beast         Ice/Summ       Unusable   N/A       N/A         3
 Summon Blazeheart Golem  Fire/Summ      Unusable   N/A       N/A         4
 Death Channel            Necr           Unusable   N/A       N/A         6
 Sculpt Simulacrum        Ice/Alch       Unusable   N/A       N/A         6
 Spellforged Servitor     Conj/Summ      Unusable   N/A       N/A         7

Dungeon Overview and Level Annotations

Branches:
Dungeon (15/15)            Temple (1/1) D:4            Lair (5/5) D:10
 Shoals (4/4) Lair:2        Snake (4/4) Lair:2        Slime (5/5) Lair:4
    Orc (2/2) D:12            Elf (3/3) Orc:2        Vaults (5/5) D:14
  Crypt (0/3) Vaults:3     Depths (4/4) D:15            Zot (5/5) Depths:4

Altars:
Ashenzari
Cheibriados
Dithmenos
Elyvilon
Fedhas
Gozag
Hepliaklqana
Kikubaaqudgha
Makhleb
Nemelex Xobeh
Okawaru
Qazlal
Ru
Sif Muna
Trog
Uskayaw
Vehumet
Wu Jian
Xom
Yredelemnul
Zin
The Shining One
Beogh
Jiyva
Lugonu

Shops:
D:5 (   D:11 **   D:14 !   Orc:2 =??[   Elf:2 ::   Elf:3 ?   Shoals:1 [=
Snake:1 (==[=[   Snake:2 =:=   Vaults:2 !   Vaults:3 ?   Vaults:4 [

Portals:
Hell: Depths:1 Depths:2 Depths:3 Depths:4
Abyss: Lair:5 Depths:3
Pandemonium: Depths:2 Depths:3 Depths:4
Ziggurat: Depths:4

Annotations:
D:10 2 transporters, partyrob117's ghost, journeyman DsBe
Vaults:1 2 runed translucent doors, Epirepp's ghost, adept DrSh


Innate Abilities, Weirdness & Mutations

You can wield a second weapon in your off-hand.
It takes a long time for you to wield or remove held weapons.
Your first few attacks do less damage.
You cannot equip rings or amulets.
You are agile. (Dex +4, Str/Int -1)
You are dopey. (Int -2)
You occasionally shout uncontrollably at your foes.


Message History

The Killer Klown blinks!
The Killer Klown pies you viciously! The klown pie misses you.
The Killer Klown karate-kicks you but does no damage.
The Orb Guardian misses you.
The Killer Klown blinks!
The Orb Guardian attacks as it pursues you!
The Orb Guardian misses you.
The Killer Klown attacks as it pursues you!
The Killer Klown kneecaps you with a +12 club of freezing.
The Killer Klown blinks!
An Orb Guardian comes into view.
The Orb Guardian completely misses you.
Your hearing returns.
The Killer Klown completely misses you. The Killer Klown drops a net on you.
You become entangled in the net!
The Orb Guardian attacks as it pursues you!
The Orb Guardian closely misses you.
The Killer Klown trip-wires you with a +12 club of freezing!
You see here a throwing net.
You struggle against the net.
The Orb Guardian hits you!
The Killer Klown pokes you with a +10 club of freezing.
The Killer Klown headlocks you with a +12 club of freezing.
* * * LOW HITPOINT WARNING * * *
Unknown command.
You tear a large gash into the net.
The Orb Guardian misses you.
The Killer Klown skips for a moment.
The Killer Klown completely misses you.
The Killer Klown pokes you with a +12 club of freezing.
* * * LOW HITPOINT WARNING * * *
Unknown command.
You struggle against the net.
The Killer Klown pies you viciously! The klown pie hits you!!
Peanut brittle!
Your body becomes as fragile as glass!
* * * LOW HITPOINT WARNING * * *
The Killer Klown pies you viciously! The klown pie hits you!!!
Peanut brittle!
You feel your fragility will last longer.
You die... the Killer Klown begins to tie you into a balloon animal.

......^................▓ ..
..................^....▓ ...
▓.....^................▓....
▓▓^.^......................
▓..^.............p..p..▓.
...............^..X.($.▓
......................^▓
...............X.X.....#
.............^.@pX....##
▓......)........p...▓##
▓▓......)........▓▓▓▓
▓▓....)##▓▓▓▓▓▓▓▓▓▓▓#
##...................###
#................##....##
..................###...########
.......(...........###..........
.......^...........# ##.....^...


You could see 4 Killer Klowns and 4 Orb Guardians.

Vanquished Creatures
  the Royal Jelly (Slime:5)
  3 dread liches
  An ancient lich (Zot:3)
  Frederick (Depths:3)
  Mara (Depths:3)
  3 orbs of fire
  Xtahua (Depths:4)
  Josephina (Depths:3)
  Boris (twice) (Depths:3 Depths:4)
  4 Killer Klowns (Zot:5)
  Margery (Depths:3)
  Vashnia (Snake:3)
  4 caustic shrikes (Depths:4)
  A curse toe (Zot:2)
  Norris (Vaults:3)
  10 golden dragons
  A bone dragon (Depths:4)
  A hellephant (Depths:3)
  2 electric golems
  An iron giant (Zot:3)
  8 liches
  12 tentacled monstrosities
  Asterion (Snake:3)
  Zenata (Vaults:1)
  A walking earthen tome (Depths:1)
  21 Orb Guardians (Zot:5)
  2 deep elf blademasters (Elf:3)
  7 titans
  Mlioglotl (Snake:3)
  4 quicksilver dragons
  A walking frostbound tome (Depths:2)
  Frances (D:13)
  A deep elf master archer (Elf:3)
  6 sphinxes
  25 acid blobs
  8 tengu reavers
  Gastronok (Lair:3)
  Donald (Vaults:3)
  Aizul (Snake:3)
  8 death cobs
  13 storm dragons
  5 shadow dragons
  Kirke (D:14)
  3 protean progenitors
  Roxanne (D:14)
  8 nagarajas
  A daeva (Depths:4)
  8 azure jellies
  4 draconian shifters
  3 draconian monks
  9 fire giants
  A draconian knight (Zot:5)
  9 rockslimes
  10 frost giants
  3 iron dragons (Vaults:5)
  7 deep elf sorcerers (Elf:3)
  3 draconian scorchers
  20 vault wardens
  4 spectral caustic shrikes (Depths:4)
  3 deep elf elementalists (Elf:3)
  A juggernaut zombie (Depths:1)
  An angel (Depths:4)
  5 ghost moths
  4 draconian annihilators
  An orc warlord (Vaults:1)
  9 draconian stormcallers (Zot:3)
  17 ironbound preservers
  7 quicksilver oozes (Slime:5)
  Nessos (D:13)
  12 ironbound thunderhulks
  14 stone giants
  A vampire knight (Depths:2)
  A reaper (Depths:2)
  22 very ugly things
  4 formless jellyfish
  10 deep elf demonologists
  6 black draconians
  8 dire elephants
  12 green draconians
  9 deep elf annihilators
  5 purple draconians
  12 red draconians
  10 yellow draconians
  9 deep elf death magi
  2 war gargoyles
  Azrael (Orc:2)
  3 spark wasps (Depths:1)
  7 white draconians
  An eidolon (Vaults:3)
  4 statues (Depths:3)
  11 ettins
  2 merfolk javelineers
  5 entropy weavers
  6 merfolk impalers
  3 crystal guardians
  6 fire dragons
  12 yaktaur captains
  5 rakshasas
  2 hell beasts
  8 deep elf high priests
  12 ice dragons
  3 peacekeepers
  14 great orbs of eyes
  43 vault guards
  12 spriggan air magi
  Erica (Lair:2)
  A catoblepas (Zot:3)
  5 hydras
  15 ironbound frosthearts
  5 salamander tyrants
  Erolcha (D:9)
  An ogre mage (Vaults:5)
  13 anacondas
  An alligator snapping turtle (Shoals:4)
  9 merfolk aquamancers
  8 boulder beetles
  15 centaur warriors
  31 dancing weapons
  6 two-headed ogres
  5 merfolk avatars
  2 satyrs
  7 tengu warriors
  A hell hog (Depths:3)
  10 death yaks
  2 vampire magi (Depths:2)
  4 orc high priests
  A sphinx skeleton (Depths:2)
  3 thrashing horrors (Lair:5)
  4 deep troll earth magi
  The ghost of PriceMaster the Stormcaller, a journeyman TeAE (D:11)
  8 shock serpents
  A deep troll shaman (Depths:2)
  14 naga sharpshooters
  6 occultists
  6 spriggan berserkers
  5 hell knights
  15 naga warriors
  24 deep elf knights
  8 sun demons (Depths:3)
  3 fire crabs
  A soul eater (Depths:4)
  An iron troll (Depths:2)
  Nergalle (Orc:1)
  A spark wasp zombie (Depths:1)
  Amaemon (Lair:2)
  2 sea snakes (shapeshifter)
  8 skysharks
  13 sea snakes
  2 goliath frogs (Zot:4)
  9 glowing orange brains
  8 deep elf archers
  6 arcanists
  5 large abominations (Lair:5)
  3 mana vipers
  4 salamander mystics
  51 deep trolls
  A flayed ghost (Depths:1)
  A spriggan simulacrum (Depths:3)
  6 lindwurms
  3 naga ritualists
  21 ironbound convokers
  An orange crystal statue (Elf:3)
  2 orc knights
  A steelbarb worm (shapeshifter) (Vaults:5)
  6 thermic dynamos
  30 deep elf zephyrmancers
  7 necromancers
  25 deep elf pyromancers
  3 harpies (Vaults:1)
  2 obsidian bats (Orc:2)
  5 phantasmal warriors
  A tengu skeleton (Depths:1)
  2 fauns (shapeshifter)
  6 orc sorcerers
  12 fauns
  4 shining eyes
  A fire giant zombie (Depths:2)
  18 manticores
  A wolf spider (D:14)
  A shadow dragon skeleton (Vaults:5)
  36 ugly things
  4 cyclopes
  An iron dragon skeleton (Vaults:3)
  14 salamanders
  An oklob plant (Lair:5)
  8 elephants
  Maurice (D:8)
  25 naga magi
  7 merfolk sirens
  20 moths of wrath
  21 vault sentinels
  13 guardian serpents
  38 black mambas
  9 water nymphs
  A titan simulacrum (Depths:3)
  A kobold blastminer (Orc:2)
  2 gargoyles
  11 cane toads
  6 eyes of devastation
  A yaktaur zombie (Vaults:3)
  A smoke demon (Lair:5)
  An orange demon (Lair:2)
  2 cane toads (shapeshifter)
  2 kobold demonologists (D:14)
  A human zombie (Vaults:3)
  A komodo dragon (shapeshifter) (Vaults:5)
  3 rime drakes
  A freezing wraith (Vaults:5)
  7 komodo dragons
  An unseen horror (D:10)
  Psyche (D:9)
  5 tengu conjurers
  An efreet (D:14)
  2 tormentors
  11 yaktaurs
  20 merfolk
  4 trolls
  4 polar bears (Lair:1)
  4 hornets (Depths:3)
  A jumping spider (shapeshifter) (Vaults:5)
  5 wind drakes
  13 dream sheep
  An ettin zombie (Depths:1)
  14 snapping turtles
  7 glass eyes
  2 raiju (Lair:5)
  2 tarantellas (Vaults:2)
  35 blink frogs
  A snapping turtle (shapeshifter) (Depths:2)
  3 frost giant simulacra
  14 air elementals
  43 yaks
  A culicivora (Vaults:2)
  3 centaur simulacra (D:11)
  130 slime creatures
  42 water elementals
  6 spriggans
  A vampire (D:9)
  A fire bat (Shoals:2)
  A shadow (D:13)
  6 fire elementals
  2 wraiths
  5 wyverns
  4 hogs (D:14)
  3 humans
  6 basilisks
  3 steam dragons
  6 golden eyes (Slime:5)
  2 yaktaur simulacra
  5 wargs
  6 vampire mosquitoes
  5 chaos spawn (Lair:5)
  3 redbacks (Vaults:2)
  A glowing shapeshifter zombie (Vaults:2)
  49 nagas
  2 swamp worms (shapeshifter)
  3 acid dragons
  18 water moccasins
  4 hell hounds (Orc:2)
  28 orc warriors
  8 ice beasts
  A sky beast (D:7)
  An ettin simulacrum (Depths:1)
  6 laughing skulls
  An ice beast (shapeshifter) (Elf:1)
  6 ogres
  11 wolves
  2 human skeletons (Vaults:2)
  15 centaurs
  4 kobold brigands
  10 bullfrogs
  4 earth elementals
  2 gnoll sergeants
  2 glowing shapeshifter simulacra
  13 small abominations (Lair:5)
  4 scorpions
  3 wights (D:10)
  8 killer bees
  7 howler monkeys
  3 electric eels (Snake:3)
  2 bombardier beetles
  A human simulacrum (Vaults:5)
  6 hounds
  27 orc priests
  A gnoll bouda (D:7)
  5 iguanas
  A sleepcap (D:8)
  49 orc wizards
  4 hell rats (Lair:1)
  24 gnolls
  8 adders
  A shadow imp (D:7)
  14 white imps
  2 dart slugs
  2 ribbon worms
  69 orcs
  3 ball pythons
  9 endoplasms
  3 giant cockroaches
  3 goblins
  7 hobgoblins
  17 jackals
  2 quokkas
  11 bats
  6 frilled lizards
  31 kobolds
  5 rats
  A butterfly (D:4)
2333 creatures vanquished.

Vanquished Creatures (others)
  Nikola (Snake:4)
  A yellow draconian (Zot:3)
  2 lightning spires (Elf:2)
  A moth of wrath (Zot:3)
  5 dream sheep (D:7)
  A naga (Snake:4)
  An orc priest (Orc:2)
12 creatures vanquished.

Grand Total: 2345 creatures vanquished

Notes
Turn   | Place    | Note
-------+----------+-------------------------------------------
     0 | D:1      | Biggs the Coglin Hunter began the quest for the Orb.
     0 | D:1      | Reached XP level 1. HP: 16/16 MP: 1/1
   164 | D:1      | Reached XP level 2. HP: 22/22 MP: 2/2
   475 | D:2      | Reached XP level 3. HP: 27/27 MP: 3/3
   505 | D:2      | Reached XP level 4. HP: 18/33 MP: 4/4
   939 | D:2      | Found a faded altar of an unknown god.
  1110 | D:3      | Reached skill level 5 in Ranged Weapons
  1110 | D:3      | Reached XP level 5. HP: 38/38 MP: 5/5
  1442 | D:3      | Reached XP level 6. HP: 44/44 MP: 6/6
  1536 | D:4      | Found a shimmering blue altar of Sif Muna.
  1547 | D:4      | Found an ancient bone altar of Kikubaaqudgha.
  1625 | D:4      | Found a staircase to the Ecumenical Temple.
  1633 | Temple   | Entered the Ecumenical Temple
  2273 | D:4      | Reached XP level 7. HP: 29/50 MP: 7/7
  2436 | D:5      | Entered Level 5 of the Dungeon
  2436 | D:5      | Found Vatwock's Antique Weapon Boutique.
  3170 | D:5      | Reached XP level 8. HP: 38/56 MP: 8/8
  3612 | D:6      | Reached skill level 3 in Fighting
  3669 | D:6      | Reached skill level 4 in Fighting
  3919 | D:6      | Identified the +1 falchion "Qoranyruor" {speed, Fly Dex+3}
  3926 | D:6      | You fall into a shaft and drop 3 floors!
  3953 | D:8      | Noticed a komodo dragon
  3965 | D:8      | Killed a komodo dragon
  3966 | D:8      | Reached skill level 5 in Fighting
  4140 | D:7      | Reached skill level 5 in Dodging
  4140 | D:7      | Reached XP level 9. HP: 68/68 MP: 9/9
  4414 | D:7      | Reached skill level 1 in Evocations
  4562 | D:7      | Identified a scroll of acquirement
  4789 | D:7      | Reached skill level 5 in Evocations
  5144 | D:7      | Found a shadowy altar of Dithmenos.
  5306 | D:7      | Found a shimmering altar of Xom.
  5462 | D:8      | Reached skill level 10 in Ranged Weapons
  5691 | D:8      | Noticed Maurice
  5705 | D:8      | Killed Maurice
  5706 | D:8      | Reached XP level 10. HP: 53/74 MP: 10/10
  6536 | D:9      | Found an iron altar of Okawaru.
  6583 | D:9      | Became a worshipper of Warmaster Okawaru
  6645 | D:9      | Noticed a two-headed ogre
  6660 | D:9      | Noticed Erolcha
  6786 | D:9      | Killed Erolcha
  6912 | D:9      | Noticed Psyche
  6922 | D:9      | Killed Psyche
  6922 | D:9      | Reached * piety under Okawaru
  7046 | D:9      | Killed a two-headed ogre
  7046 | D:9      | Reached ** piety under Okawaru
  7191 | D:9      | Found a bloodstained altar of Trog.
  7191 | D:9      | Found a sparkling altar of Nemelex Xobeh.
  7397 | D:9      | Found a glowing golden altar of the Shining One.
  7397 | D:9      | Found a glowing silver altar of Zin.
  7397 | D:9      | Found a white marble altar of Elyvilon.
  7411 | D:10     | Entered Level 10 of the Dungeon
  7711 | D:10     | Reached XP level 11. HP: 36/78 MP: 11/11
  7933 | D:10     | Noticed a two-headed ogre
  7946 | D:10     | Killed a two-headed ogre
  7946 | D:10     | Reached *** piety under Okawaru
  8462 | D:10     | Found a staircase to the Lair.
  8548 | D:10     | Found a transporter.
  8773 | D:11     | Noticed a cyclops
  8933 | D:10     | Acquired the +1 hand cannon of Karma {penet, *Slow rElec
                  | rPois Dex+3}
  9014 | D:10     | Found a transporter.
  9043 | D:10     | Found a bloodstained altar of Trog.
  9051 | D:10     | Noticed a two-headed ogre
  9051 | D:10     | Noticed a two-headed ogre
  9052 | D:10     | Noticed a moth of wrath
  9053 | D:10     | Noticed partyrob117's ghost (journeyman DsBe)
  9068 | D:10     | Noticed a tengu warrior
  9314 | D:11     | Noticed a two-headed ogre
  9320 | D:11     | Killed a two-headed ogre
  9414 | D:11     | Noticed a manticore
  9421 | D:11     | Killed a manticore
  9422 | D:11     | Reached skill level 6 in Fighting
  9510 | D:11     | Found a runed translucent gate.
  9510 | D:11     | Found a runed translucent gate.
  9510 | D:11     | Found a runed translucent gate.
  9512 | D:11     | Reached **** piety under Okawaru
  9513 | D:11     | Noticed a boulder beetle
  9533 | D:11     | Killed a boulder beetle
  9534 | D:11     | Reached skill level 7 in Fighting
  9550 | D:11     | Found Qaukoria's Gadget Gallery.
  9593 | D:11     | Found Koymuawe's Assorted Antiques.
  9603 | D:11     | Bought a scroll of identify for 56 gold pieces
  9603 | D:11     | Bought a scroll labelled AZISUR NITURI for 28 gold pieces
  9603 | D:11     | Bought 3 scrolls labelled TITEFE JASEASU for 84 gold pieces
  9676 | D:11     | Killed a cyclops
  9704 | D:11     | Noticed a two-headed ogre
  9709 | D:11     | Killed a two-headed ogre
  9710 | D:11     | Reached skill level 8 in Fighting
 10013 | D:11     | Noticed a manticore
 10022 | D:11     | Killed a manticore
 10260 | D:11     | Noticed a green ugly thing
 10270 | D:11     | Killed a green ugly thing
 10595 | D:11     | Noticed PriceMaster's ghost (journeyman TeAE)
 10772 | Lair:1   | Entered Level 1 of the Lair of Beasts
 10800 | Lair:1   | Reached skill level 9 in Fighting
 10801 | Lair:1   | Reached ***** piety under Okawaru
 10815 | Lair:1   | Reached XP level 12. HP: 41/97 MP: 12/12
 11043 | Lair:1   | Noticed a skyshark
 11051 | Lair:1   | Killed a skyshark
 11052 | Lair:1   | Reached skill level 10 in Fighting
 11312 | Lair:1   | Reached skill level 11 in Fighting
 11326 | Lair:1   | Received a gift from Okawaru
 11882 | Lair:2   | Found a staircase to the Shoals.
 11917 | Lair:2   | Reached skill level 12 in Fighting
 12058 | Lair:2   | Found a staircase to the Snake Pit.
 12119 | Lair:2   | Reached ****** piety under Okawaru
 12120 | Lair:2   | Reached skill level 13 in Fighting
 12236 | Lair:2   | Acquired the +9 acid dragon scales of Woato {Harm Rampage
                  | rCorr Int-4 Dex-2}
 12236 | Lair:2   | Received a gift from Okawaru
 12248 | Lair:2   | Acquired a +1 hand cannon of freezing
 12248 | Lair:2   | Received a gift from Okawaru
 12348 | Lair:2   | Noticed Erica
 12351 | Lair:2   | Killed Erica
 12628 | Lair:2   | Received a gift from Okawaru
 12674 | Lair:2   | Noticed Amaemon
 12676 | Lair:2   | Paralysed by Amaemon for 2 turns
 12681 | Lair:2   | Killed Amaemon
 12682 | Lair:2   | Reached XP level 13. HP: 111/111 MP: 13/13
 12962 | Lair:3   | Reached skill level 15 in Ranged Weapons
 13025 | Lair:3   | Received a gift from Okawaru
 13221 | Lair:3   | Noticed Gastronok
 13240 | Snake:1  | Entered Level 1 of the Snake Pit
 13307 | Lair:3   | Killed Gastronok
 13437 | Lair:3   | Found a hide-covered altar of Uskayaw.
 13439 | Lair:3   | Found an ornate altar of the Wu Jian Council.
 13887 | Lair:4   | Found a viscous altar of Jiyva.
 13888 | Lair:4   | Found a staircase to the Slime Pits.
 13926 | Lair:4   | Received a gift from Okawaru
 14275 | Lair:4   | Reached XP level 14. HP: 118/118 MP: 14/14
 14277 | Lair:4   | Received a gift from Okawaru
 14280 | Lair:4   | Acquired a hydropneumatic subsystem {rPois rC+ Regen+
                  | RegenMP+ rCorr}
 14675 | Lair:5   | Entered Level 5 of the Lair of Beasts
 14763 | Lair:5   | Reached skill level 1 in Armour
 14866 | Lair:5   | Received a gift from Okawaru
 14882 | Lair:5   | Reached skill level 5 in Armour
 15162 | Lair:5   | Received a gift from Okawaru
 15235 | Lair:5   | Found a corrupted altar of Lugonu.
 15235 | Lair:5   | Found a one-way gate to the infinite horrors of the Abyss.
 15251 | Lair:5   | Identified the +6 plate armour of Orthodoxy {rElec rPois
                  | rC- Str+7}
 15334 | Lair:5   | Reached XP level 15. HP: 122/123 MP: 15/15
 15394 | Lair:5   | Received a gift from Okawaru
 15899 | Snake:1  | Reached skill level 10 in Dodging
 15916 | Snake:1  | Found Neeliurch's Antique Armour Shoppe.
 15931 | Snake:1  | Found Gacroel's Armour Emporium.
 15968 | Snake:1  | Found Rutef's Jewellery Shop.
 15973 | Snake:1  | Found Tyeniom's Antique Weapon Boutique.
 16056 | Snake:1  | Received a gift from Okawaru
 16134 | Snake:1  | Found Kuidaiq's Jewellery Shoppe.
 16167 | Snake:1  | Found Pyetaff's Jewellery Boutique.
 16498 | Snake:2  | Received a gift from Okawaru
 16668 | Snake:2  | Noticed a nagaraja
 16672 | Snake:2  | Killed a nagaraja
 16918 | Snake:2  | Noticed a nagaraja
 16924 | Snake:2  | Killed a nagaraja
 17015 | Snake:2  | Received a gift from Okawaru
 17016 | Snake:2  | Reached skill level 1 in Invocations
 17373 | Snake:2  | Found Uviriute's Jewellery Emporium.
 17373 | Snake:2  | Found Ibufuem's Book Shop.
 17374 | Snake:2  | Found Zoroipotau's Jewellery Emporium.
 17413 | Snake:3  | Noticed Vashnia
 17420 | Snake:3  | Reached XP level 16. HP: 100/130 MP: 19/19
 17650 | Snake:3  | Received a gift from Okawaru
 17651 | Snake:3  | Reached skill level 5 in Invocations
 17761 | Snake:3  | Killed Vashnia
 18005 | Snake:3  | Noticed Asterion
 18226 | Snake:3  | Received a gift from Okawaru
 18330 | Snake:3  | Identified the serpent talisman "Suytar" {rC+ rN+}
 18330 | Snake:3  | Noticed Aizul
 18336 | Snake:3  | Killed Aizul
 18349 | Snake:3  | Noticed an Executioner
 18351 | Snake:3  | Killed Asterion
 18413 | Snake:3  | Noticed Mlioglotl
 18419 | Snake:3  | Killed Mlioglotl
 18623 | Snake:4  | Entered Level 4 of the Snake Pit
 18631 | Snake:4  | Reached skill level 14 in Fighting
 18636 | Snake:4  | Received a gift from Okawaru
 18746 | Snake:4  | Noticed a nagaraja
 18749 | Snake:4  | Killed a nagaraja
 18891 | Snake:4  | Reached skill level 15 in Fighting
 19226 | Snake:4  | Noticed Nikola
 19250 | Snake:4  | Killed Nikola
 19454 | Snake:4  | Received a gift from Okawaru
 19464 | Snake:4  | Reached XP level 17. HP: 142/142 MP: 23/23
 19507 | Snake:4  | Reached skill level 16 in Fighting
 19671 | Snake:4  | Received a gift from Okawaru
 19692 | Snake:4  | Reached skill level 17 in Fighting
 19721 | Snake:4  | Found an iron altar of Okawaru.
 19735 | Snake:4  | Got a serpentine rune of Zot
 20018 | Shoals:1 | Entered Level 1 of the Shoals
 20066 | Shoals:1 | Found Nujiheti's Antique Armour Boutique.
 20148 | Shoals:1 | Found Ituefroa's Jewellery Shoppe.
 20161 | Shoals:1 | Received a gift from Okawaru
 20765 | Shoals:2 | Reached skill level 18 in Fighting
 21314 | Shoals:3 | Received a gift from Okawaru
 21623 | Shoals:3 | Reached skill level 19 in Fighting
 21625 | Shoals:3 | Reached XP level 18. HP: 142/160 MP: 24/24
 21890 | Shoals:4 | Entered Level 4 of the Shoals
 21913 | Shoals:4 | Received a gift from Okawaru
 22237 | Shoals:4 | Found the ring of the Tortoise {AC+8}
 22245 | Shoals:4 | Noticed a titan
 22258 | Shoals:4 | Killed a titan
 22323 | Shoals:4 | Got a barnacled rune of Zot
 22325 | Shoals:4 | Identified the amulet "Memaozix" {^Fragile RegenMP+ Int+4
                  | Stlth+}
 22355 | Shoals:4 | Reached skill level 20 in Fighting
 22401 | Shoals:4 | Received a gift from Okawaru
 22925 | Snake:2  | Bought a manual of Dodging for 1200 gold pieces
 23088 | D:11     | Killed PriceMaster's ghost
 23225 | D:12     | Identified the +9 hand axe of Linearity {speed, +Blink
                  | rElec Dex+3}
 23784 | D:12     | Found a staircase to the Orcish Mines.
 24204 | Orc:1    | Entered Level 1 of the Orcish Mines
 24204 | Orc:1    | Noticed Nergalle
 24207 | Orc:1    | Killed Nergalle
 24357 | Orc:2    | Entered Level 2 of the Orcish Mines
 24422 | Orc:2    | Received a gift from Okawaru
 24426 | Orc:2    | Noticed Azrael
 24437 | Orc:2    | Killed Azrael
 24594 | Orc:2    | Reached skill level 15 in Dodging
 24600 | Orc:2    | Found Yvuo's Armour Boutique.
 24600 | Orc:2    | Found Plog's Magic Scroll Boutique.
 24603 | Orc:2    | Found Eloonto's Magic Scroll Shop.
 24603 | Orc:2    | Found Zeanuus's Jewellery Shop.
 24622 | Orc:2    | Bought a scroll of teleportation for 33 gold pieces
 24622 | Orc:2    | Bought a scroll of fear for 44 gold pieces
 24624 | Orc:2    | Bought a scroll of enchant weapon for 112 gold pieces
 24624 | Orc:2    | Bought a scroll of teleportation for 45 gold pieces
 24624 | Orc:2    | Bought a scroll of teleportation for 45 gold pieces
 24628 | Orc:2    | Bought a +1 helmet of intelligence for 280 gold pieces
 24745 | Orc:2    | Found a staircase to the Elven Halls.
 24759 | Orc:2    | Found a roughly hewn altar of Beogh.
 25394 | Elf:1    | Entered Level 1 of the Elven Halls
 25543 | Elf:1    | Received a gift from Okawaru
 25760 | Elf:1    | Reached XP level 19. HP: 134/169 MP: 25/25
 26381 | Elf:2    | Received a gift from Okawaru
 26579 | Elf:2    | Found a runed translucent gate.
 26582 | Elf:2    | Found a runed translucent gate.
 26583 | Elf:2    | Found a runed translucent gate.
 26589 | Elf:2    | Found a runed translucent door.
 26617 | Elf:2    | Found Mowaafa's Book Shoppe.
 26719 | Elf:2    | Found Wupsad's Tiny Tomes.
 26782 | Elf:2    | Found a radiant altar of Vehumet.
 27030 | Elf:2    | Received a gift from Okawaru
 27428 | Elf:2    | Paralysed by an air elemental for 1 turns
 27440 | Elf:2    | Paralysed by an air elemental for 1 turns
 27474 | Elf:2    | Paralysed by an air elemental for 1 turns
 27549 | Elf:3    | Entered Level 3 of the Elven Halls
 27627 | Elf:3    | Received a gift from Okawaru
 27745 | Elf:3    | Received a gift from Okawaru
 27812 | Elf:3    | Reached XP level 20. HP: 174/176 MP: 26/26
 27851 | Elf:3    | Identified the staff "Utopejuc" {rPois rF+ Dex+4 Alchemy}
 27854 | Elf:3    | Identified the +0 ring mail of Doemink {rElec Str+4 Stlth-}
 27856 | Elf:3    | Identified the +7 shortbow of Vaafot {flame, ^Fragile rC+
                  | rN+ Dex+4}
 27859 | Elf:3    | Identified the +2 cloak of Tomorrow {*Slow rElec rN+++
                  | Int-4}
 27970 | Elf:3    | Identified the +2 scale mail "Pouh" {Rampage rC+ rN+ Dex-3}
 28003 | Elf:3    | Identified the staff of Tozeekh {rC+ Str-3 Dex+4 Ice}
 28020 | Elf:3    | Got Poriol's Opusculum on Beguiling and the Coals
 28311 | Elf:3    | Found Ise Ukar's Magic Scroll Shoppe.
 28319 | Elf:3    | Bought a scroll of teleportation for 42 gold pieces
 28319 | Elf:3    | Bought a scroll of teleportation for 42 gold pieces
 28363 | Elf:3    | Received a gift from Okawaru
 29081 | D:13     | Noticed Frances
 29086 | D:13     | Killed Frances
 29174 | D:13     | Noticed Nessos
 29177 | D:13     | Killed Nessos
 29555 | D:14     | Noticed Kirke
 29558 | D:14     | Killed Kirke
 29620 | D:14     | Identified the granite talisman of Dithmenos, Glowing {rN+
                  | Dex-2 Stlth+}
 29620 | D:14     | Noticed Roxanne
 29657 | D:14     | Killed Roxanne
 29692 | D:14     | Received a gift from Okawaru
 29702 | D:14     | Found a gate to the Vaults.
 30015 | D:14     | Found Gepoegug's Distillery.
 30018 | D:14     | Bought a potion of curing for 36 gold pieces
 30018 | D:14     | Bought 2 potions of heal wounds for 120 gold pieces
 30018 | D:14     | Bought a potion of curing for 36 gold pieces
 30018 | D:14     | Bought a potion of mutation for 96 gold pieces
 30128 | Vaults:1 | Entered Level 1 of the Vaults
 30367 | Vaults:1 | Received a gift from Okawaru
 30374 | Vaults:1 | Found a white marble altar of Elyvilon.
 30473 | Vaults:1 | Reached skill level 10 in Armour
 30496 | Vaults:1 | Noticed Zenata
 30508 | Vaults:1 | Killed Zenata
 30594 | Vaults:1 | Found a large runed translucent door.
 30594 | Vaults:1 | Found a large runed translucent door.
 30595 | Vaults:1 | Noticed Epirepp's ghost (adept DrSh)
 30666 | Vaults:1 | Received a gift from Okawaru
 30688 | Vaults:1 | Reached XP level 21. HP: 172/183 MP: 27/27
 31413 | Vaults:2 | Received a gift from Okawaru
 31550 | Vaults:2 | Learned a level 4 spell: Dimensional Bullseye
 31556 | Vaults:2 | Reached skill level 1 in Hexes
 31556 | Vaults:2 | Reached skill level 1 in Translocations
 31707 | Vaults:2 | Received a gift from Okawaru
 31870 | Vaults:2 | Reached skill level 5 in Translocations
 31901 | Vaults:2 | Reached skill level 5 in Hexes
 32276 | Vaults:2 | Found Vepenwux's Distillery.
 32285 | Vaults:2 | Bought a potion of heal wounds for 90 gold pieces
 32285 | Vaults:2 | Bought a potion of mutation for 144 gold pieces
 32285 | Vaults:2 | Bought a potion of mutation for 144 gold pieces
 32285 | Vaults:2 | Bought a potion of mutation for 144 gold pieces
 32285 | Vaults:2 | Bought a potion of mutation for 144 gold pieces
 32311 | Vaults:2 | Received a gift from Okawaru
 32710 | Vaults:3 | Noticed Norris
 32719 | Vaults:3 | Killed Norris
 33171 | Vaults:3 | Reached XP level 22. HP: 186/190 MP: 28/28
 33172 | Vaults:3 | Received a gift from Okawaru
 33237 | Vaults:3 | Found a staircase to the Crypt.
 33318 | Vaults:3 | Noticed Donald
 33324 | Vaults:3 | Killed Donald
 33337 | Vaults:3 | Identified the +3 longbow "Elehyng" {drain, rF+ Int+5 SInv}
 33512 | Vaults:3 | Found Rearyt's Magic Scroll Shop.
 33520 | Vaults:3 | Bought a scroll of enchant armour for 127 gold pieces
 33520 | Vaults:3 | Bought a scroll of poison for 68 gold pieces
 33520 | Vaults:3 | Bought a scroll of teleportation for 51 gold pieces
 33520 | Vaults:3 | Bought a scroll of revelation for 127 gold pieces
 34012 | Vaults:4 | Received a gift from Okawaru
 34500 | Vaults:4 | Found a portal to a secret trove of treasure.
 34533 | Vaults:4 | You paid a toll of 4 scrolls of blinking to enter a
                  | treasure trove
 34534 | Trove    | Entered a treasure trove
 34537 | Trove    | Found the +3 crown of Dyrovepreva {rElec Int+2 SInv}
 34538 | Trove    | Found the +3 pair of gauntlets of War {Slay+5}
 34542 | Trove    | Identified the +1 cloak "Regibb" {Rampage *Corrode rF-
                  | Stlth+}
 34543 | Trove    | Identified the +1 buckler of the Stag {Str-3 Slay+5}
 34544 | Trove    | Identified the +0 plate armour of Kitzupt {rPois Will+
                  | Regen+ Int-2}
 34557 | Trove    | Identified the -1 pair of gloves of Difyiwk {Dex+7}
 34559 | Trove    | Identified the +0 helmet "Kudoff" {rC++ rCorr Str-4 Int-3}
 34561 | Trove    | Identified the +0 pair of boots "Neoqeq" {Harm}
 34563 | Trove    | Identified the -1 helmet of Quantum Leap {rC++ Regen+ Str+3
                  | Int-4}
 34584 | Trove    | Identified the +0 pair of gloves of the Good {rPois rF++
                  | Dex+4}
 34586 | Trove    | Identified the scarf of Bitterness {harm, rCorr}
 34588 | Trove    | Identified the +0 buckler of the Little Devil {rC+ rN+}
 34589 | Trove    | Identified the +1 helmet "Zablush" {rCorr}
 34812 | Vaults:4 | Reached skill level 10 in Translocations
 34827 | Vaults:4 | Found Bistred's Armour Shoppe.
 34930 | Vaults:4 | Acquired 1017 gold pieces
 34932 | Vaults:4 | Acquired a +7 hand cannon of draining
 34980 | Vaults:5 | Entered Level 5 of the Vaults
 34987 | Vaults:5 | Reached skill level 1 in Spellcasting
 34992 | Vaults:5 | Received a gift from Okawaru
 35046 | Vaults:5 | Reached skill level 5 in Spellcasting
 35084 | Vaults:5 | Received a gift from Okawaru
 35117 | Vaults:5 | Reached XP level 23. HP: 106/196 MP: 33/33
 35326 | Vaults:5 | Got a silver rune of Zot
 35334 | Vaults:5 | Identified the +10 trident of Disembowelment {venom,
                  | ^Fragile Str+5 Int+2}
 35381 | Vaults:5 | Received a gift from Okawaru
 35449 | Vaults:5 | Noticed a dread lich
 35454 | Vaults:5 | Killed a dread lich
 35469 | Vaults:5 | Identified the +5 ring mail of Liaheat {rElec Dex+3}
 35478 | Vaults:5 | Identified the +6 dire flail of Cymm {flame, SInv}
 35531 | Vaults:5 | Reached skill level 10 in Spellcasting
 35546 | Vaults:5 | Noticed a golden dragon
 35550 | Vaults:5 | Killed a golden dragon
 35644 | Vaults:5 | Identified the +8 dire flail of Glory {vamp, rF+}
 35856 | Vaults:5 | Noticed a golden dragon
 35862 | Vaults:5 | Killed a golden dragon
 35887 | Vaults:5 | Received a gift from Okawaru
 35899 | Vaults:5 | Noticed a golden dragon
 35904 | Vaults:5 | Killed a golden dragon
 35905 | Vaults:5 | Reached skill level 10 in Hexes
 35973 | Vaults:5 | Identified the +0 chain mail of the Tortured God {Harm rC+
                  | rN+ Stlth+}
 35993 | Vaults:5 | Identified the staff of Dithmenos's Reproof {rPois rF+
                  | Int+3 Fire}
 36116 | Vaults:5 | Identified the +7 quarterstaff "Xured" {freeze, rPois rN+}
 36530 | D:15     | Entered Level 15 of the Dungeon
 36575 | D:15     | Received a gift from Okawaru
 36777 | D:15     | Found a staircase to the Depths.
 37252 | Depths:1 | Entered Level 1 of the Depths
 37355 | Depths:1 | Reached skill level 1 in Shapeshifting
 37437 | Depths:1 | Noticed a golden dragon
 37438 | Depths:1 | Reached XP level 24. HP: 204/204 MP: 37/37
 37537 | Depths:1 | Identified the +4 whip of Instant Death {spect, Dex+5}
 37619 | Depths:1 | Received a gift from Okawaru
 37650 | Depths:1 | Identified the maw talisman of Oblivion {rCorr Dex+5}
 37726 | Depths:1 | Reached skill level 21 in Fighting
 37863 | Depths:1 | Found an ornate altar of the Wu Jian Council.
 37865 | Depths:1 | Found a gateway to Hell.
 38144 | Depths:2 | Received a gift from Okawaru
 38366 | Depths:2 | Found a one-way gate leading to the halls of Pandemonium.
 38388 | Depths:2 | You fall into a shaft and drop 1 floor!
 38427 | Depths:3 | Identified the orb of Maltheism {light, Int+8}
 38427 | Depths:3 | Noticed Frederick
 38433 | Depths:3 | Killed Frederick
 38444 | Depths:3 | Noticed Margery
 38448 | Depths:3 | Killed Margery
 38454 | Depths:3 | Reached skill level 22 in Fighting
 38479 | Depths:3 | Gained mutation: You are agile. (Dex +4, Str/Int -1) [a
                  | shining eye]
 38561 | Depths:3 | Found a flickering gateway to a bazaar.
 38591 | Bazaar   | Entered a bazaar
 38593 | Bazaar   | Found Xiucseb's Weapon Emporium.
 38601 | Bazaar   | Found Ocru Jiuch's Antique Weapon Boutique.
 38642 | Bazaar   | Found Imorin's Book Shoppe.
 38650 | Bazaar   | Found Gyigenn's Distillery.
 38658 | Bazaar   | Bought a potion of heal wounds for 55 gold pieces
 38658 | Bazaar   | Bought a potion of enlightenment for 55 gold pieces
 38658 | Bazaar   | Bought a potion of mutation for 88 gold pieces
 38658 | Bazaar   | Bought 2 potions of curing for 66 gold pieces
 38658 | Bazaar   | Bought a potion of curing for 33 gold pieces
 38658 | Bazaar   | Bought a potion of cancellation for 88 gold pieces
 38658 | Bazaar   | Bought a potion of cancellation for 88 gold pieces
 38658 | Bazaar   | Bought a potion of curing for 33 gold pieces
 38684 | Depths:3 | Received a gift from Okawaru
 38856 | Depths:3 | Found an iron altar of Okawaru.
 39054 | Depths:2 | Found a bloodstained altar of Trog.
 39176 | Depths:2 | Reached skill level 23 in Fighting
 39359 | Depths:2 | Received a gift from Okawaru
 39464 | Depths:2 | Reached XP level 25. HP: 221/221 MP: 37/37
 40071 | Slime:1  | Entered Level 1 of the Pits of Slime
 40322 | Slime:3  | Reached skill level 24 in Fighting
 40326 | Slime:3  | Received a gift from Okawaru
 40608 | Slime:5  | Entered Level 5 of the Pits of Slime
 40930 | Slime:5  | Noticed the Royal Jelly
 40935 | Slime:5  | Killed the Royal Jelly
 40935 | Slime:5  | Received a gift from Okawaru
 41053 | Slime:5  | Reached skill level 25 in Fighting
 41100 | Slime:5  | Found the +9 sword of Zonguldrok {reap}
 41103 | Slime:5  | Found the +5 scythe "Finisher" {speed, execute}
 41124 | Slime:5  | Got the Grimoire of the Torch and Despair
 41139 | Slime:5  | Identified the ring "Xoehoiti" {rPois rF+ SInv}
 41172 | Slime:5  | Got a slimy rune of Zot
 41184 | Slime:5  | Identified the +0 leather armour "Ticroqer" {Rampage rC++
                  | Will- Dex+3}
 41214 | Slime:5  | Identified the +9 broad axe of Hospitality {heavy, rN+
                  | Will+ Str+2}
 41224 | Slime:5  | Got the Codex of Imprecation and the Autopsy
 41229 | Slime:5  | Identified the +0 orcbow of Watchfulness {antimagic, rPois
                  | rF+ Int+2}
 41241 | Slime:5  | Got the Secrets of the Sun and Transportation
 41891 | Depths:3 | Noticed Mara
 41895 | Depths:3 | Killed Mara
 42004 | Depths:3 | Identified the ring "Xafiep" {Ice Dex+4}
 42004 | Depths:3 | Noticed Josephina
 42007 | Depths:3 | Killed Josephina
 42248 | Depths:3 | Received a gift from Okawaru
 42426 | Depths:3 | Identified the +4 robe of Hichoi {rF- Will++ Regen+ Stlth-}
 42426 | Depths:3 | Noticed Boris
 42431 | Depths:3 | Killed Boris
 42434 | Depths:3 | Found a radiant altar of Vehumet.
 42441 | Depths:3 | Reached skill level 26 in Fighting
 42819 | Depths:4 | Entered Level 4 of the Depths
 42854 | Depths:4 | Found a one-way gateway to a ziggurat.
 42860 | Depths:4 | Noticed Xtahua
 42869 | Depths:4 | Reached skill level 5 in Shapeshifting
 42869 | Depths:4 | Killed Xtahua
 42870 | Depths:4 | Reached XP level 26. HP: 220/238 MP: 37/37
 42941 | Depths:4 | Identified the +3 robe of the Onion {^Contam Will+ Dex+3
                  | Slay+3}
 42941 | Depths:4 | Noticed Boris
 42949 | Depths:4 | Killed Boris
 43068 | Depths:4 | Received a gift from Okawaru
 43178 | Depths:4 | Found a gate to the Realm of Zot.
 43191 | Depths:4 | Reached skill level 10 in Shapeshifting
 43727 | Zot:1    | Entered Level 1 of the Realm of Zot
 44121 | Zot:1    | Received a gift from Okawaru
 45599 | Zot:3    | Received a gift from Okawaru
 45605 | Zot:3    | Noticed an orb of fire
 45611 | Zot:3    | Killed an orb of fire
 46026 | Zot:3    | Reached XP level 27. HP: 245/245 MP: 37/37
 46073 | Zot:3    | Received a gift from Okawaru
 46075 | Zot:3    | Reached skill level 15 in Shapeshifting
 46420 | Zot:3    | Noticed an ancient lich
 46424 | Zot:3    | Killed an ancient lich
 46481 | Zot:3    | Found a stormy altar of Qazlal.
 46501 | Zot:3    | Identified the +6 storm dragon scales of Leapfrog {-Cast
                  | rElec rF+ rC+ rN+ Dex+3 Stlth--}
 46502 | Zot:3    | Identified the storm talisman of the Game of Life {rF+ rC+
                  | rCorr Int+3 Stlth--}
 46504 | Zot:3    | Identified the +6 storm dragon scales of Loehi {+Inv rElec
                  | rF+ rC+ Will+ Stlth--}
 46515 | Zot:3    | Identified the staff of Kikubaaqudgha's Hope {rPois Str+3
                  | Dex+2 Stlth-- Fire Air Earth}
 46792 | Zot:4    | Identified the +5 orcbow of Distraction {elec, Str+5 Int+2}
 46865 | Zot:4    | Received a gift from Okawaru
 47447 | Zot:4    | Acquired the +7 hand cannon of Truncation {penet, rC+ Str-4
                  | Dex+6}
 47460 | Zot:5    | Entered Level 5 of the Realm of Zot
 47642 | Zot:5    | Noticed a dread lich
 47646 | Zot:5    | Paralysed by a dread lich for 3 turns
 47649 | Zot:5    | Killed a dread lich
 47655 | Zot:5    | Noticed a dread lich
 47657 | Zot:5    | Killed a dread lich
 47657 | Zot:5    | Received a gift from Okawaru
 47662 | Zot:5    | Noticed an orb of fire
 47666 | Zot:5    | Gained mutation: You are dopey. (Int -2) [an orb of fire]
 47671 | Zot:5    | Gained mutation: You occasionally shout uncontrollably at
                  | your foes. [an orb of fire]
 47676 | Zot:5    | Killed an orb of fire
 47764 | Zot:5    | Received a gift from Okawaru
 47764 | Zot:5    | Noticed an orb of fire
 47771 | Zot:5    | Killed an orb of fire
 47783 | Zot:5    | Killed from afar by a Killer Klown

Illustrated notes

Levels and vault maps discovered:
D:1:      shiori_arrival_whats_in_store_for_you, layout_basic
D:2:      layout_basic, shapermc_ecumenical_altar_ellora,
          nicolae_kite_square_tiling_tiny
D:3:      layout_rooms, serial_glass, glass_columns_a, glass_columns_a,
          glass_columns_a
D:4:      layout_basic, grunt_temple_overflow_open,
          minmay_temple_entry_butterflies, kennysheep_generic_room_10
D:5:      layout_gridville, serial_shops, shop, hangedman_decor_riveting
D:6:      layout_rooms, kennysheep_little_box
D:7:      layout_basic, nicolae_dithmenos_the_darkroom, kb_xom_exploding_sheep
D:8:      layout_basic, st_stairs_9, uniq_maurice
D:9:      layout_rooms, good_gods_mini_temple, lemuel_crystal_altar,
          gammafunk_temple_overflow_statue, corexii_checkpoint, uniq_psyche,
          uniq_erolcha
D:10:     layout_basic, lair_entry_dummy, gammafunk_ghost_wrathful_warriors,
          chequers_serial_rivers_small_a, serial_bayou_pond_a, centaur_isle
D:11:     layout_layer_cave, serial_shops, shop_statue, gammafunk_ghost_icy,
          nicolae_shop_gadgets
D:12:     layout_layer_cave, erik_orc_4
D:13:     layout_basic, uniq_frances, uniq_nessos
D:14:     layout_basic, erik_vaults_1, minmay_misc_feat_tower, serial_shops,
          kennysheep_mini_moat, kennysheep_generic_room_5, uniq_roxanne,
          uniq_kirke
D:15:     hangedman_depths_entry_try_elsewhere_first, layout_long_grid
Temple:   minmay_freezing_vapour_temple
Lair:1:   layout_small_grid, portal_ice_cave_entry_imps,
          chequers_serial_rivers_marsh, cheibrodos_lair_lostbears,
          infiniplex_staircase_pool_2, grunt_megastairs_5, lemuel_fruit_fields
Lair:2:   layout_regular_city, minmay_shoals_entry_lonely_mermaid,
          minmay_snake_entry_six_corridors, cheibrodos_lair_caveside_slide,
          lemuel_fruit_tree, infiniplex_staircase_pool, uniq_erica, uniq_amaemon
Lair:3:   layout_chaotic_city, nzn_masters_of_martial_movement,
          grunt_megastairs_1, uniq_gastronok
Lair:4:   layout_cave_pods, slime_entry_1
Lair:5:   hellmonk_lair_end_abyssal_woods, layout_regular_city,
          serial_bayou_shore_b
Shoals:1: layout_shoals, serial_shops, nicolae_shop_hallway_stairs, shop
Shoals:2: layout_shoals, hangedman_shoal_volcano
Shoals:3: layout_shoals, nicolae_shoals_cliffside_cave,
          nicolae_shoals_dead_sea_scrolls
Shoals:4: shoals_end_hellmonk_storm_palace [storm_palace_center_square,
          storm_palace_corner_blocked, storm_palace_corner_narrow,
          storm_palace_corner_narrow, storm_palace_corner_reverse_hut]
Snake:1:  layout_basic, serial_shops, shop, shop,
          nicolae_shop_overgrown_old_shop, nicolae_shop_crystal,
          minmay_shoptagon
Snake:2:  layout_basic, nicolae_snake_biting_tails, serial_bayou_shore_b,
          minmay_shop_grove
Snake:3:  layout_misc_corridors, serial_bayou, serial_bayou_lagoon_a,
          serial_bayou_pond_b, serial_bayou_pond_c, serial_bayou_pond_d,
          uniq_mlioglotl, uniq_asterion, uniq_vashnia, uniq_aizul
Snake:4:  grunt_snake_rune_serpentine_throne, layout_cave_town, uniq_nikola
Slime:1:  nicolae_slime_infinislime, layout_caves
Slime:2:  layout_caves
Slime:3:  layout_caves, uniq_dissolution
Slime:4:  layout_caves
Slime:5:  slime_pit_nicolae_royal_road_to_ruin
Orc:1:    layout_caves, uniq_nergalle
Orc:2:    st_orc_mages, layout_diamond_mine, basic_altar, roderic_batcave,
          nicolae_orc_rockfall, uniq_azrael
Elf:1:    elf_arrival_002, layout_loops_cross, hangedman_corner_corridor
Elf:2:    elven_hall_of_blades_hangedman_original
          [nicolae_blade_entry_antechamber], layout_onion_city, serial_shops,
          nicolae_book_shop_shelving, basic_altar,
          nicolae_shop_i_like_small_books_too, hangedman_aerie_drop
Elf:3:    minmay_elf_hall_not_hex, layout_geoelf_octagon, serial_shops,
          nicolae_shop_temple_entry_statues_fountains,
          serial_sigils_hangedman_quiver, drop_trap, minivault_16
Vaults:1: advil_vaults_ghost_guards, hangedman_vaults_stitches,
          vaults_room_boxed, lemuel_angel_altar,
          vaults_standard_mumra_enter_the_diamond, grunt_vaults_bifocal,
          nicolae_vaults_spaceships, hangedman_vaults_cutoff, dpeg_vaults_waves,
          grunt_vaults_funnel, nicolae_vaults_little_ls,
          nicolae_vaults_little_squares_5, ontoclasm_vaults_decontamination,
          nicolae_vaults_diamond_1, vaults_room_pools, layout_vaults_omnibox,
          uniq_zenata
Vaults:2: nicolae_vaults_closet_pinwheel_5, nicolae_vaults_network_periphery,
          nicolae_vaults_circle_grid_a, nicolae_vaults_diamond_1,
          ontoclasm_vaults_loading_screen, nicolae_vaults_theta, serial_ice_h,
          nicolae_vaults_more_shelving_2, vaults_mumra_hex,
          hangedman_vaults_maws, nicolae_vaults_big_ls,
          ontoclasm_vaults_gateway, layout_vaults_big_cross, serial_shops,
          nicolae_shop_gibbet_a_chance
Vaults:3: v_rooms_1, minmay_crypt_entry_simple_round, v_alt_pattern_4,
          vaults_mumra_chevron_long, nicolae_vaults_apartment_1,
          vaults_mumra_lcd, nicolae_vaults_closet_pinwheel_1,
          nicolae_vaults_ring_of_whatevers, layout_vaults_omnigrid,
          serial_shops, shop, uniq_norris, uniq_donald
Vaults:4: ontoclasm_vaults_ligature, nicolae_vaults_little_squares_1,
          ontoclasm_vaults_idyll, nicolae_vaults_cochlea, v_alt_pattern_2,
          vaults_mumra_minichess, nicolae_vaults_mini_display_case,
          hangedman_vaults_capsules, v_misc_24, v_misc_27,
          hangedman_vaults_slice, layout_vaults_big_room,
          nicolae_trove_entry_isolated, serial_shops, shop_statue
Vaults:5
Depths:1: layout_basic, nzn_wu_jian_contemplation, hell_entry,
          minmay_fractal_squares_gapless_7
Depths:2: cell_vault, layout_gridlike, hell_entry, grunt_pan_entry_in_and_out,
          bloody_trog, grunt_megastairs_2, firewood_loft,
          minmay_staircase_statues
Depths:3: evilmike_halls_of_destruction, layout_honeycomb,
          regret_index_abyss_entry_earlier_magic, okawaru_ov_weapons_minmay,
          nicolae_hell_entry_hellmouth_sunbeams, serial_shops, bzr_entry_water,
          pan_entry, serial_bayou_shore_b, minmay_staircase_bubble,
          uniq_josephina, uniq_mara, uniq_margery, uniq_frederick
Depths:4: grunt_zot_entry_bicorn, layout_gridville, enter_ziggurat_d,
          rand_demon_pan_entry_9, nicolae_figureground_pulse,
          pf_hell_entry_tar_river, serial_bayou_shore_b, uniq_xtahua
Zot:1:    layout_gridlike, hangedman_zot_decor_slant, bh_zot_lava_cross
Zot:2:    layout_gridlike, regret_index_zotdec_silver_v_v_loose
Zot:3:    regret_index_qazlal_generations, layout_misc_corridors
Zot:4:    layout_cathedral_of_symmetry, bh_zot_ikea_curve
Zot:5:    layout_basic

Skill      XL: |  1  2  3  4  5  6  7  8  9 10 11 12 13 14 15 16 17 18 19 20 21 22 23 24 25 26 27 |
---------------+----------------------------------------------------------------------------------+-----
Dodging        | 2 3 5 8 12 16 19 20 | 20.2
Ranged Weapons | 4 5 7 8 9 11 13 14 17 18 | 18.0
Fighting       | 5 9 13 15 19 20 23 26 | 26.1
Evocations     | 5 |  5.0
Armour         | 5 11 12 | 12.5
Invocations    | 4 8 |  8.0
Hexes          | 6 9 10 | 10.9
Translocations | 7 10 11 | 11.9
Spellcasting   | 7 10 | 10.3
Shapeshifting  | 1 3 5 14 18 | 18.4
Stealth        | |  0.7

Action                     |  1- 3 |  4- 6 |  7- 9 | 10-12 | 13-15 | 16-18 | 19-21 | 22-24 | 25-27 || total
---------------------------+-------+-------+-------+-------+-------+-------+-------+-------+-------++-------
  Melee: Sling             |       |    12 |       |       |       |       |       |       |       ||    12
         Unarmed           |       |       |       |       |       |       |       |     5 |       ||     5
         Hand cannon       |       |       |       |       |       |       |       |       |    28 ||    28
   Fire: Sling             |    90 |   314 |   736 |   787 |       |       |       |       |       ||  1927
         Hand cannon       |       |       |       |   285 |   980 |  1894 |  1650 |  1786 |  1862 ||  8457
   Cast: Dimensional Bulls |       |       |       |       |       |       |       |       |     1 ||     1
 Invoke: Receive Weapon    |       |       |       |     1 |       |       |       |       |       ||     1
         Receive Armour    |       |       |       |     1 |       |       |       |       |       ||     1
         Finesse           |       |       |       |       |       |     7 |     2 |     2 |     4 ||    15
Ability: Invent Gizmo      |       |       |       |       |     1 |       |       |       |       ||     1
  Evoke: Wand              |       |       |     5 |    18 |       |       |       |     1 |     1 ||    25
    Use: Scroll            |       |     1 |    12 |    15 |    10 |     7 |     3 |    11 |     4 ||    63
         Potion            |       |       |       |     1 |       |     4 |     1 |     2 |     4 ||    12
 Armour: Leather armour    |    11 |    61 |    21 |       |       |       |       |       |       ||    93
         Steam dragon scal |       |       |    43 |   172 |       |       |       |       |       ||   215
         Skin              |       |       |       |     2 |       |       |       |    11 |       ||    13
         Acid dragon scale |       |       |       |     7 |   108 |   305 |   185 |   174 |   308 ||  1087
  Dodge: Dodged            |     6 |    56 |    92 |   188 |   108 |   344 |   272 |   353 |   576 ||  1995

Table legend: (Time is in decaauts)
 A = Elapsed time spent in this place.
 B = Non-inter-level travel time spent in this place.
 C = Inter-level travel time spent in this place.
 D = Time resting spent in this place.
 E = Time spent auto-exploring this place.
 F = Levels seen in this place.
 G = Mean time per level.
                   A        B        C        D        E       F      G
               +--------+--------+--------+--------+--------+-----+--------+
         Total |  48270 |  45096 |   3174 |   2000 |  34065 |  55 |  877.6 |
       Dungeon |  14247 |  13350 |    897 |    828 |  10518 |  15 |  949.8 |
        Temple |     75 |     75 |      0 |     74 |      0 |   1 |   75.0 |
          Lair |   5373 |   4860 |    513 |     49 |   3966 |   5 | 1074.6 |
        Shoals |   3059 |   2905 |    154 |      0 |   2280 |   4 |  764.8 |
     Snake Pit |   4317 |   3941 |    376 |    537 |   2633 |   4 | 1079.2 |
    Slime Pits |   1504 |   1299 |    205 |     46 |    736 |   5 |  300.8 |
  Orcish Mines |   1233 |    963 |    270 |      0 |    727 |   2 |  616.5 |
   Elven Halls |   3347 |   3243 |    104 |    113 |   2337 |   3 | 1115.7 |
        Vaults |   6319 |   6047 |    272 |     51 |   4677 |   5 | 1263.8 |
        Depths |   4558 |   4279 |    279 |     47 |   3117 |   4 | 1139.5 |
           Zot |   4066 |   3964 |    102 |    255 |   3009 |   5 |  813.2 |
        Bazaar |     86 |     86 |      0 |      0 |     62 |   1 |   86.0 |
         Trove |     80 |     80 |      0 |      0 |      0 |   1 |   80.0 |
               +--------+--------+--------+--------+--------+-----+--------+

Top non-repeatable levels by time:
    D:10: 1955 daAuts
    D:11: 1593 daAuts
 Snake:2: 1437 daAuts
Depths:3: 1429 daAuts
     D:8: 1422 daAuts
Vaults:5: 1398 daAuts
Vaults:2: 1361 daAuts
Vaults:1: 1308 daAuts
Depths:2: 1290 daAuts
     D:7: 1283 daAuts
  Lair:2: 1252 daAuts
 Snake:4: 1222 daAuts
Vaults:4: 1154 daAuts
     D:5: 1151 daAuts
   Elf:3: 1139 daAuts
